 Dungeon Crawl Stone Soup version 0.18-a0-1628-g61c6396 (webtiles) character file.

15 Oddball22 the Insei (level 2, 0/14 HPs)
             Began as a Vine Stalker Transmuter on Mar 25, 2016.
             Slain by a kobold
             ... wielding a +0 whip
              (3 damage)
             ... on level 1 of the Dungeon.
             The game lasted 00:00:48 (195 turns).

Oddball22 the Insei (Vine Stalker Transmuter)        Turns: 195, Time: 00:00:48

Health: 0/14       AC:  2    Str: 12    XL:     2   Next: 50%
Magic:  0/6        EV: 12    Int: 13    God:
Gold:   10         SH:  0    Dex: 14    Spells: 1 memorised, 5 levels left

rFire  . . .     SeeInvis .     e - +0 short sword
rCold  . . .     Gourm    .     b - +0 robe
rNeg   . . .     Faith    .     (no shield)
rPois  .         Spirit   +     (no helmet)
rElec  .         Dismiss  .     (no cloak)
rCorr  .         Reflect  .     (no gloves)
SustAt .         Harm     .     (no boots)
MR     .....                    (no amulet)
Stlth  +.........               (no ring)
                                (no ring)

@: not resistant to hostile enchantments, very unstealthy
A: fangs 2, regeneration 1, magic shield, antimagic bite, no device heal 3, rot
immunity
a: no special abilities


You were on level 1 of the Dungeon.
You were not hungry.

You visited 1 branch of the dungeon, and saw 1 of its levels.

You collected 10 gold pieces.

Inventory:

Hand Weapons
 e - a +0 short sword (weapon)
Missiles
 a - 38 arrows
Armour
 b - a +0 robe (worn)
Scrolls
 h - a scroll of noise {unknown}
Potions
 f - a potion of curing {unknown}
Books
 c - a book of Changes

   Spells                             Type                      Level
   a - Beastly Appendage              Transmutation                1
   b - Sticks to Snakes               Transmutation                2
   c - Spider Form                    Transmutation/Poison         3
   d - Ice Form                       Ice/Transmutation            4
   e - Blade Hands                    Transmutation                5
Comestibles
 d - a bread ration
 g - 2 chunks of flesh


   Skills:
 * Level 1.6 Fighting
 + Level 1.7 Dodging
 - Level 3.0 Unarmed Combat
 + Level 2.5 Spellcasting
 - Level 2.0 Transmutations


You had 5 spell levels left.
You knew the following spells:

 Your Spells              Type           Power        Failure   Level  Hunger
a - Beastly Appendage     Trmt           #.....       12%         1    #......


Dungeon Overview and Level Annotations

Branches:
Dungeon (1/15)

Altars:


Innate Abilities, Weirdness & Mutations

You have extremely sharp teeth.
Your natural rate of healing is unusually fast.
When hurt, damage is shared between your health and your magic reserves.
Your bite disrupts and absorbs the magic of your enemies.
Potions and wands cannot restore your health.
You are immune to rotting.


Message History

The dart slug is lightly wounded.
The dart slug launches a dart at you. The slug dart hits you!
* * * LOW HITPOINT WARNING * * *
You hit the dart slug. Your bite misses the dart slug.
The dart slug is severely wounded.
The dart slug bites you but does no damage.
You hit the dart slug.
You kill the dart slug!
The kobold throws a stone.
The stone closely misses you. The kobold hits you with a whip.
* * * LOW HITPOINT WARNING * * *
Things that are here:
a stone; a dart slug corpse You hit the kobold but do no damage.
Your bite misses the kobold. The kobold hits you but does no damage.
You hit the kobold. Your bite misses the kobold.
The kobold is moderately wounded.
The kobold hits you with a whip.
You die...

#.#...........#
#.# #
#.....#######
#.# #####.# #.#
#.# #.# #.# #.#
#.# #.# #.#
####.# #K@.(#
#.####
......).....#
............#
............#
............#
............#
...####+#####
...


You could see a kobold.

Vanquished Creatures
  An ooze (D:1)
  A dart slug (D:1)
  A hobgoblin (D:1)
  3 kobolds (D:1)
  A giant newt (D:1)
  A goblin (D:1)
  2 rats (D:1)
10 creatures vanquished.

Notes
Turn   | Place    | Note
--------------------------------------------------------------
     0 | D:1      | Oddball22 the Vine Stalker Transmuter began the quest for the Orb.
     0 | D:1      | Reached XP level 1. HP: 9/9 MP: 4/4
    15 | D:1      | Reached skill level 1 in Fighting
   173 | D:1      | Reached XP level 2. HP: 5/14 MP: 1/6
   195 | D:1      | Slain by a kobold

Vault maps used:
D:1:      eino_arrival_druids_welcome, xom_teletrap_fun

Skill      XL: |  1 |
---------------+----+-----
Fighting       | 1 |  1.6
Dodging        | |  1.7
Unarmed Combat | |  3.0
Spellcasting   | |  2.5
Transmutations | |  2.0

Action                   || total
-------------------------++-------
Melee: Short sword       ||    40
       Unarmed           ||     2
 Stab: Sleeping          ||     1
